 Dungeon Crawl Stone Soup version 0.25.0-9-g26727b657a (webtiles) character file.

Game seed: 13190491718349538452

497 theswoord the Slasher (level 6, -6/44 HPs)
             Began as a Demonspawn Gladiator on June 16, 2020.
             Mangled by a worm (10 damage)
             ... on level 4 of the Dungeon.
             The game lasted 00:03:49 (3652 turns).

theswoord the Slasher (Demonspawn Gladiator)        Turns: 3652, Time: 00:03:49

Health: -6/44      AC:  4    Str: 15    XL:     6   Next: 93%
Magic:  6/6        EV: 12    Int: 10    God:
Gold:   197        SH:  0    Dex: 15    Spells: 5/5 levels left

rFire    + + .     SeeInvis .   a - +0 long sword
rCold    + . .     Gourm    .   (no shield)
rNeg     . . .     Faith    .   b - +0 leather armour
rPois    +         Spirit   .   c - +0 helmet
rElec    +         Reflect  .   (no cloak)
rCorr    +         Harm     .   (no gloves)
MR       .....                  (no boots)
Stlth    +.........             (no amulet)
HPRegen  0.14/turn              (no ring)
MPRegen  0.10/turn              (no ring)

@: mighty, brilliant, resistant, flying
A: hooves 2, fire resistance 1
a: no special abilities


You were on level 4 of the Dungeon.
You were hungry.

You visited 1 branch of the dungeon, and saw 4 of its levels.

You collected 197 gold pieces.

Inventory:

Hand Weapons
 a - a +0 long sword (weapon)
Missiles
 d - 3 throwing nets (quivered)
Armour
 b - a +0 leather armour (worn)
 c - a +0 helmet (worn)
Scrolls
 h - 4 scrolls of identify
 m - 3 scrolls of amnesia {unknown}
Potions
 e - a potion of mutation
 j - 2 potions of flight
 l - a potion of resistance
Comestibles
 f - 7 rations


   Skills:
 - Level 2.0 Fighting
 + Level 7.2 Long Blades
 - Level 1.7 Throwing
 - Level 2.6 Dodging


You had 5 spell levels left.
You didn't know any spells.
Your spell library was empty.

Dungeon Overview and Level Annotations

Branches:
Dungeon (4/15)
 Temple: D:4-7

Altars:
Xom


Innate Abilities, Weirdness & Mutations

You have hoof-like feet.
Your flesh is heat resistant. (rF+)


Message History

You kill the worker ant!
The hound misses you. The hound bites you.
* * * LOW HITPOINT WARNING * * *
You closely miss the hound. You kick the hound.
The hound is heavily wounded.
The hound completely misses you.
You hit the hound. Your kick misses the hound.
The hound is severely wounded.
The hound barely misses you. The worm bites you.
* * * LOW HITPOINT WARNING * * *
The hound bites you.
* * * LOW HITPOINT WARNING * * *
You hit the hound. Your kick misses the hound.
The hound is almost dead.
The hound bites you.
* * * LOW HITPOINT WARNING * * *
You hit the hound.
You kill the hound!
The worm bites you!
You die...

#########
##....a..#
#....@w..#
#...###Z.#
####..## ....
##.....# #.#.
#......# #
####....#
##.......#
##..##.....#
###.............


You could see a worm, a worker ant and a worker ant zombie.

Vanquished Creatures
  A hippogriff (D:4)
  2 hounds (D:4)
  An orc priest (D:3)
  An iguana (D:4)
  2 worker ants (D:4)
  7 adders
  A worm (D:2)
  6 leopard geckos
  11 orcs
  4 giant cockroaches
  7 goblins
  5 hobgoblins
  4 jackals (D:3)
  9 kobolds
  3 quokkas
  3 bats
  6 frilled lizards
  9 rats
82 creatures vanquished.

Notes
Turn   | Place    | Note
-------+----------+-------------------------------------------
     0 | D:1      | theswoord the Demonspawn Gladiator began the quest for the
                  | Orb.
     0 | D:1      | Reached XP level 1. HP: 16/16 MP: 1/1
   308 | D:1      | Reached skill level 3 in Long Blades
   359 | D:1      | Gained mutation: You have large cloven feet. [demonic
                  | ancestry]
   359 | D:1      | Reached XP level 2. HP: 15/22 MP: 2/2
  1266 | D:2      | Gained mutation: You have hoof-like feet. [demonic
                  | ancestry]
  1266 | D:2      | Reached XP level 3. HP: 24/27 MP: 3/3
  1483 | D:2      | Reached skill level 4 in Long Blades
  1854 | D:2      | Gained mutation: Your flesh is heat resistant. (rF+)
                  | [demonic ancestry]
  1854 | D:2      | Reached XP level 4. HP: 33/33 MP: 4/4
  2344 | D:3      | Reached skill level 5 in Long Blades
  2496 | D:3      | Reached XP level 5. HP: 37/38 MP: 5/5
  2525 | D:3      | Found a shimmering altar of Xom.
  3309 | D:4      | Reached skill level 6 in Long Blades
  3438 | D:4      | Reached XP level 6. HP: 27/44 MP: 6/6
  3635 | D:4      | Noticed a hippogriff
  3643 | D:4      | Killed a hippogriff
  3643 | D:4      | Reached skill level 7 in Long Blades
  3652 | D:4      | Mangled by a worm

Skill      XL: |  1  2  3  4  5  6 |
---------------+-------------------+-----
Long Blades    | 3 4 5 6 7 |  7.2
Fighting       | |  2.0
Throwing       | |  1.7
Dodging        | |  2.6

Action                   |  1- 3 |  4- 6 || total
-------------------------+-------+-------++-------
Melee: Long sword        |    74 |   111 ||   185
       Kick              |    22 |    33 ||    55
  Use: Scroll            |       |     3 ||     3
       Potion            |       |     5 ||     5
 Stab: Sleeping          |     1 |     1 ||     2
  Eat: Chunk             |     3 |     5 ||     8
Armor: Leather armour    |    15 |    33 ||    48
Dodge: Dodged            |    52 |    84 ||   136
       Rpst.: Long sword |    21 |    23 ||    44

Levels and vault maps discovered:
D:1:      dpeg_arrival_oval, layout_basic, minmay_misc_feat_enclosed
D:2:      layout_loops_cross, first_ration, minmay_misc_feat_square
D:3:      layout_basic, xom_butterflies, kennysheep_minor_cross
D:4:      layout_cave_pools, serial_park, serial_park_square3
          [serial_park_minivault_5x5_4], serial_park_square1
          [serial_park_minivault_5x5_2], serial_park_avenue1,
          serial_park_square2, minmay_manual_maat
